 Dungeon Crawl Stone Soup version 0.18.1-48-g4cf74bf (webtiles) character file.

11221 PossumBlood the Warrior (level 11, -1/116 HPs)
             Began as a Minotaur Fighter on Aug 18, 2016.
             Was a High Priest of Okawaru.
             Hit by a large rock thrown by a cyclops (8 damage)
             ... on level 11 of the Dungeon.
             The game lasted 00:24:28 (9302 turns).

PossumBlood the Warrior (Minotaur Fighter)          Turns: 9302, Time: 00:24:31

Health: -1/116     AC: 21    Str: 27    XL:     11   Next: 46%
Magic:  10/10      EV:  8    Int:  5    God:    Okawaru [*****.]
Gold:   567        SH: 10    Dex: 10    Spells: 0 memorised, 10 levels left

rFire  + . .     SeeInvis .     a - +3 war axe (venom)
rCold  . . .     Gourm    +     K - +1 plate armour
rNeg   . . .     Faith    .     c - +0 shield
rPois  .         Spirit   .     (helmet restricted)
rElec  .         Dismiss  .     E - +0 cloak
rCorr  .         Reflect  .     d - +0 pair of gloves {Str+3}
SustAt .         Harm     .     n - +0 pair of boots
MR     .....                    v - amulet of the gourmand
Stlth  ..........               J - +3 ring of evasion
                                i - ring of protection from fire

@: manticore barbs, not resistant to hostile enchantments, extremely unstealthy
A: retaliatory headbutt, horns 2
a: Heroism, Finesse, Renounce Religion


You were on level 11 of the Dungeon.
You worshipped Okawaru.
Okawaru was extremely pleased with you.
You were hungry.

You visited 1 branch of the dungeon, and saw 11 of its levels.

You collected 567 gold pieces.

Inventory:

Hand Weapons
 a - a +3 war axe of venom (weapon)
Missiles
 j - 13 tomahawks (quivered)
 D - 2 poisoned tomahawks
Armour
 c - a +0 shield (worn)
 d - a +0 pair of gloves of strength (worn)
 n - a +0 pair of boots (worn)
 E - a +0 cloak (worn)
 K - a +1 plate armour (worn)
Jewellery
 i - a ring of protection from fire (left hand)
 v - an amulet of the gourmand (around neck)
 G - a +3 ring of evasion
 J - a +3 ring of evasion (right hand)
Wands
 b - a wand of confusion (23/48)
 m - a wand of iceblast (11/15)
 H - a wand of lightning (12/15)
Scrolls
 g - a scroll of blinking
 r - 3 scrolls of fear
 s - 2 scrolls of teleportation
 w - a scroll of recharging
 x - 3 scrolls of remove curse
 y - 3 scrolls of identify
Potions
 e - a potion of haste
 l - 3 potions of degeneration {unknown}
 p - a potion of magic {unknown}
 q - a potion of lignification {unknown}
 t - 4 potions of mutation
 u - a potion of ambrosia {unknown}
 z - 2 potions of resistance {unknown}
 C - 2 potions of brilliance {unknown}
 F - a potion of heal wounds {unknown}
 I - a potion of berserk rage {unknown}
Books
 A - a book of Burglary

   Spells                             Type                      Level
   a - Swiftness                      Charms/Air                   2
   b - Passwall                       Transmutation/Earth          2
   c - Passage of Golubria            Translocation                4
   d - Lee's Rapid Deconstruction     Earth                        5
   e - Darkness                       Hexes                        6
   f - Invisibility                   Hexes                        6
 B - a book of Flames

   Spells                             Type                      Level
   a - Flame Tongue                   Conjuration/Fire             1
   b - Throw Flame                    Conjuration/Fire             2
   c - Conjure Flame                  Conjuration/Fire             3
   d - Inner Flame                    Hexes/Fire                   3
   e - Sticky Flame                   Conjuration/Fire             4
   f - Fireball                       Conjuration/Fire             5
 L - a book of Misfortune

   Spells                             Type                      Level
   a - Confusing Touch                Hexes                        2
   b - Confuse                        Hexes                        3
   c - Gell's Gravitas                Hexes/Translocation          3
   d - Petrify                        Transmutation/Earth          4
   e - Metabolic Englaciation         Hexes/Ice                    5
   f - Yara's Violent Unravelling     Hexes/Transmutation          5
 M - a book of the Dragon

   Spells                             Type                      Level
   a - Flame Tongue                   Conjuration/Fire             1
   b - Cause Fear                     Hexes                        4
   c - Bolt of Fire                   Conjuration/Fire             6
   d - Dragon Form                    Transmutation                7
   e - Dragon's Call                  Summoning                    9
Comestibles
 f - 4 bread rations
 h - 7 meat rations
 o - 2 beef jerkies


   Skills:
 * Level 16.9 Fighting
 - Level 2.4 Axes
 + Level 12.7 Armour
 - Level 3.6 Shields


You had 10 spell levels left.
You didn't know any spells.

Dungeon Overview and Level Annotations

Branches:
Dungeon (11/15)            Temple (0/1) D:7            Lair (0/8) D:9
    Orc (0/2) D:9

Altars:
Kikubaaqudgha
Makhleb
Okawaru
Vehumet
Yredelemnul
Zin
The Shining One


Innate Abilities, Weirdness & Mutations

You reflexively headbutt those who attack you in melee.
You have a pair of horns on your head.


Message History

The volley of spikes misses you. You block the black bear's attack.
The black bear claws you but does no damage. x2
You slash the manticore!
You kill the manticore!
Okawaru is honoured by your kill.
You hit the black bear.
The black bear looks even sicker.
The black bear is almost dead.
You are feeling hungry.
The black bear bites you.
* * * LOW HITPOINT WARNING * * *
The black bear claws you.
* * * LOW HITPOINT WARNING * * *
You block the black bear's attack.
The black bear goes berserk!
Your plate armour prevents you from hitting the black bear.
You headbutt the black bear, but do no damage.
The black bear is almost dead.
You kill the black bear!
Okawaru accepts your kill.
The cyclops throws a large rock.
The large rock hits you!
You die...

'### #...u##...# ....
.........<# ....
....<.....# #..
#+####...##...#
####..###..#### #...#
......C......# ..##..#####
.......).....#...##..##..#
.......()o..$#....#.......
###...###@####...##.......
##+###...###...##.......
.......(.......#.......
..............##..###.#
+..............##..#####
#...............#..†....
###.####+###...##.......
#. ##..###...##...##.. .
...............##..


You could see a cyclops and an orc.

Vanquished Creatures
  The ghost of PossumBlood the Fighter, a novice MiFi of Okawaru (D:10)
  An unseen horror (D:10)
  The ghost of PossumBlood the Fighter, a novice MiFi of Okawaru (D:6)
  Pikel (D:7)
  A hill giant (D:11)
  An ugly thing (D:11)
  A manticore (D:11)
  A centaur zombie (D:11)
  A troll (D:9)
  A two-headed ogre (D:11)
  A wyvern (D:9)
  A hungry ghost (D:9)
  3 hippogriffs
  2 steam dragons (D:9)
  7 orc warriors
  An eye of draining (D:9)
  4 ice beasts
  3 black bears
  A slave (D:7)
  2 ogres
  A sky beast (D:7)
  3 phantoms
  A necrophage (D:10)
  5 centaurs
  3 crocodiles
  5 big kobolds
  7 giant frogs
  3 scorpions
  3 killer bees (D:9)
  8 wights
  3 jellies
  6 howler monkeys
  7 crimson imps
  3 giant frog zombies
  2 centaur skeletons
  8 orc priests
  6 hounds
  15 orc wizards
  A giant frog skeleton (D:11)
  4 iguanas
  8 worker ants
  2 hound skeletons
  A worker ant zombie (D:6)
  3 gnolls (D:10)
  13 adders
  2 shadow imps (D:10)
  2 oozes
  An adder zombie (D:5)
  An adder skeleton (D:5)
  3 worms
  A dart slug (D:3)
  8 giant geckos
  61 orcs
  6 bats
  5 giant cockroaches
  6 goblins
  4 hobgoblins
  10 jackals
  21 kobolds
  3 quokkas
  2 ball pythons
  A giant gecko skeleton (D:4)
  3 giant newts
  A rat (D:1)
297 creatures vanquished.

Notes
Turn   | Place    | Note
--------------------------------------------------------------
     0 | D:1      | PossumBlood the Minotaur Fighter began the quest for the Orb.
     0 | D:1      | Reached XP level 1. HP: 19/19 MP: 0/0
   133 | D:1      | Reached skill level 4 in Fighting
   133 | D:1      | Reached XP level 2. HP: 24/27 MP: 1/1
   602 | D:2      | Reached XP level 3. HP: 34/34 MP: 2/2
   629 | D:2      | Reached skill level 5 in Fighting
   917 | D:2      | Found a glowing golden altar of the Shining One.
  1134 | D:3      | Reached XP level 4. HP: 15/42 MP: 3/3
  1872 | D:4      | Reached skill level 6 in Fighting
  1872 | D:4      | Reached XP level 5. HP: 49/50 MP: 4/4
  1944 | D:4      | Reached skill level 5 in Armour
  2284 | D:4      | Found a glowing silver altar of Zin.
  2339 | D:4      | Reached skill level 7 in Fighting
  2339 | D:4      | Reached XP level 6. HP: 60/60 MP: 5/5
  2410 | D:5      | Entered Level 5 of the Dungeon
  2736 | D:5      | Reached skill level 8 in Fighting
  2904 | D:5      | Reached XP level 7. HP: 49/68 MP: 6/6
  3514 | D:6      | Reached skill level 9 in Fighting
  3875 | D:6      | Reached XP level 8. HP: 75/79 MP: 7/7
  3884 | D:6      | Reached skill level 10 in Fighting
  4072 | D:6      | Found an iron altar of Okawaru.
  4075 | D:6      | Became a worshipper of Warmaster Okawaru
  4136 | D:6      | Found a radiant altar of Vehumet.
  4137 | D:6      | Found an ancient bone altar of Kikubaaqudgha.
  4380 | D:6      | Noticed PossumBlood's ghost (novice MiFi)
  4380 | D:6      | Found a burning altar of Makhleb.
  4395 | D:6      | Killed PossumBlood's ghost
  4395 | D:6      | Reached * piety under Okawaru
  4395 | D:6      | Reached skill level 11 in Fighting
  4395 | D:6      | Reached XP level 9. HP: 45/90 MP: 8/8
  4803 | D:7      | Reached skill level 12 in Fighting
  4807 | D:7      | Reached ** piety under Okawaru
  4825 | D:7      | Found a staircase to the Ecumenical Temple.
  4893 | D:7      | Reached skill level 13 in Fighting
  4954 | D:7      | Noticed Pikel
  4959 | D:7      | Killed Pikel
  4959 | D:7      | Reached *** piety under Okawaru
  4959 | D:7      | Reached skill level 10 in Armour
  5445 | D:7      | Reached XP level 10. HP: 102/102 MP: 9/9
  5687 | D:8      | Reached skill level 14 in Fighting
  5908 | D:8      | Reached **** piety under Okawaru
  6136 | D:8      | Found a basalt altar of Yredelemnul.
  6374 | D:9      | Found a staircase to the Lair.
  6473 | D:9      | Received a gift from Okawaru
  6751 | D:9      | Reached skill level 15 in Fighting
  6843 | D:9      | Found a staircase to the Orcish Mines.
  6983 | D:9      | Reached ***** piety under Okawaru
  7985 | D:10     | Entered Level 10 of the Dungeon
  8056 | D:10     | Killed an unseen horror
  8056 | D:10     | Received a gift from Okawaru
  8068 | D:10     | Noticed PossumBlood's ghost (novice MiFi)
  8086 | D:10     | Killed PossumBlood's ghost
  8086 | D:10     | Reached skill level 16 in Fighting
  8086 | D:10     | Reached XP level 11. HP: 9/114 MP: 10/10
  9017 | D:11     | Noticed a brown ugly thing
  9031 | D:11     | Killed a brown ugly thing
  9285 | D:11     | Noticed a hill giant
  9299 | D:11     | Killed a hill giant
  9302 | D:11     | Hit by a large rock thrown by a cyclops

Skill      XL: |  1  2  3  4  5  6  7  8  9 10 |
---------------+-------------------------------+-----
Fighting       | 4 5 6 7 8 9 11 13 16 | 16.9
Armour         | 4 5 6 7 8 10 12 | 12.7
Axes           | |  2.4
Shields        | |  3.6

Action                   |  1- 3 |  4- 6 |  7- 9 | 10-12 || total
-------------------------+-------+-------+-------+-------++-------
Melee: War axe           |   107 |   105 |   184 |   314 ||   710
       Headbutt          |     7 |    18 |    40 |    86 ||   151
  Use: Scroll            |       |    12 |     4 |     1 ||    17
       Potion            |       |       |       |     5 ||     5
  Eat: Royal jelly       |     1 |       |       |       ||     1
       Fruit             |       |     5 |       |     2 ||     7
       Bread ration      |       |       |     2 |     3 ||     5
       Pizza             |       |       |     1 |       ||     1
Armor: Scale mail        |    58 |    54 |    41 |       ||   153
       Plate armour      |       |       |   104 |   220 ||   324
Dodge: Dodged            |    34 |    53 |    93 |   130 ||   310
Block: Shield            |    84 |    54 |   118 |   186 ||   442
